 Dungeon Crawl Stone Soup version 0.22-a0-525-gf69a0803ab (webtiles) character file.

234751 Deemzul the Imperceptible (level 18, -11/95 HPs)
             Began as a Spriggan Fighter on June 21, 2018.
             Was an Initiate of Gozag.
             Killed from afar by a deep elf annihilator (52 damage)
             ... with a crystal spear
             ... on level 3 of the Elven Halls.
             The game lasted 01:46:40 (49772 turns).

Deemzul the Imperceptible (Spriggan Fighter)       Turns: 49772, Time: 01:46:40

Health: -11/95     AC:  0    Str: 16    XL:     18   Next: 89%
Magic:  0/28       EV: 46    Int:  4    God:    Gozag
Gold:   2965       SH: 13    Dex: 25    Spells: 17/17 levels left

rFire    . . .     SeeInvis +   a - +5 rapier (drain)
rCold    . . .     Gourm    .   c - +0 buckler
rNeg     . . .     Faith    .   D - +0 robe of Ulefuami {MR+++ Int-5 Dex+5}
rPois    +         Spirit   +   e - +1 hat
rElec    .         Reflect  +   E - scarf {Spirit}
rCorr    .         Harm     .   (gloves unavailable)
MR       +++++                  (boots unavailable)
Stlth    ++++++++++             N - amulet "Zoros" {Reflect +Inv MR+ Int-2 SH+4}
HPRegen  0.25/turn              S - ring of Shadows {Umbra +Inv Stlth+}
MPRegen  0.21/turn              R - ring of the Seven Lies {*Corrode EV+6 Str+2 Int+2}

@: corroded, gold aura, wreathed by umbra, very quick
A: very small, unfitting armour, talons 1, see invisible, dopey 1, herbivore,
speed 3, poison resistance, slow metabolism 2, no potion heal 1
}: 1/15 runes: decaying
a: Potion Petition, Call Merchant, Bribe Branch, Renounce Religion, Evoke
Invisibility


You were on level 3 of the Elven Halls.
You worshipped Gozag.
Gozag was most pleased with you.
You were not hungry.

You visited 8 branches of the dungeon, and saw 34 of its levels.
You also visited: Bailey and Volcano.

You collected 12284 gold pieces.
You spent 3265 gold pieces at shops.
You paid 6054 gold pieces to Gozag.

Inventory:

Hand Weapons
 a - a +5 rapier of draining (weapon)
 b - a +1 rapier of electrocution
 t - a +1 dagger of venom
 P - a +0 blowgun
Missiles
 h - a curare-tipped needle
Armour
 c - a +0 buckler (worn)
 e - a +1 hat (worn)
 D - the +0 robe of Ulefuami (worn) {MR+++ Int-5 Dex+5}
   (You bought it in a shop on level 6 of the Dungeon)

   It affects your intelligence (-5).
   It affects your dexterity (+5).
   It affects your resistance to hostile enchantments.
 E - a scarf of spirit shield (worn)
Jewellery
 o - an uncursed ring of see invisible {unknown}
 p - an uncursed amulet of magic regeneration {unknown}
 I - an uncursed ring of resist corrosion
 N - the amulet "Zoros" (around neck) {Reflect +Inv MR+ Int-2 SH+4}
   (You acquired it on level 3 of the Lair of Beasts)

   [amulet of reflection]

   It shields you and reflects attacks.
   It affects your intelligence (-2).
   It affects your resistance to hostile enchantments.
   It lets you turn invisible.
   It affects your SH (+4).
 R - the ring of the Seven Lies (right hand) {*Corrode EV+6 Str+2 Int+2}
   (You bought it in a shop on level 13 of the Dungeon)

   [ring of evasion]

   It affects your evasion (+6).
   It affects your strength (+2).
   It affects your intelligence (+2).
   It may corrode you when you take damage.
 S - the ring of Shadows (left hand) {Umbra +Inv Stlth+}
   (You bought it in a shop on level 4 of the Swamp)

   [ring of stealth]

   It lets you turn invisible.
   It makes you more stealthy.
Wands
 s - a wand of paralysis (37)
 y - a wand of enslavement (20)
 F - a wand of polymorph (23)
 G - a wand of digging (16)
 J - a wand of disintegration (24)
 M - a wand of acid (3)
 W - a wand of random effects (8)
 Y - a wand of flame (34)
Scrolls
 g - 16 scrolls of teleportation
 m - 2 scrolls of amnesia
 q - 5 scrolls of fear
 v - 5 scrolls of remove curse
 w - a scroll of silence
 x - a scroll of holy word
 K - 8 scrolls of magic mapping
 L - 5 scrolls of fog
 O - a scroll of identify
 Q - 6 scrolls of blinking
 U - 3 scrolls of immolation
 V - 3 scrolls of enchant armour
 Z - a scroll of torment
Potions
 d - 5 potions of might
 i - a potion of agility
 j - 5 potions of curing
 l - 12 potions of heal wounds
 n - 3 potions of ambrosia
 r - 8 potions of magic
 u - 2 potions of brilliance
 z - 3 potions of resistance
 A - 5 potions of flight
 B - 2 potions of cancellation
 C - 6 potions of mutation
 H - 5 potions of berserk rage
 T - a potion of haste
 X - 7 potions of lignification
Miscellaneous
 k - a fan of gales
Comestibles
 f - 36 rations


   Skills:
 + Level 10.6 Fighting
 * Level 17.4 Short Blades
 - Level 1.8 Throwing
 + Level 7.7 Armour
 * Level 21.4 Dodging
 * Level 21.7 Stealth
 - Level 7.2 Shields
 + Level 12.8 Evocations


You had 17 spell levels left.
You didn't know any spells.
Your spell library contained the following spells:

 Spells                   Type           Power        Failure   Level  Hunger
 Fireball                 Conj/Fire      #.........   100%        5    ######.
 Apportation              Tloc           #.....       50%         1    ##.....
 Conjure Flame            Conj/Fire      #.......     86%         3    ####...
 Throw Flame              Conj/Fire      #.....       65%         2    ###....
 Mephitic Cloud           Conj/Pois/Air  #.......     86%         3    ####...
 Venom Bolt               Conj/Pois      #.........   100%        5    ######.
 Olgreb's Toxic Radiance  Pois           #.......     99%         4    #####..
 Summon Small Mammal      Summ           #...         50%         1    ##.....
 Animate Dead             Necr           N/A          99%         4    #####..
 Animate Skeleton         Necr           N/A          50%         1    ##.....
 Sticky Flame             Conj/Fire      #.......     99%         4    #####..
 Sting                    Conj/Pois      #...         50%         1    ##.....
 Recall                   Summ/Tloc      N/A          86%         3    ####...
 Spider Form              Tmut/Pois      #.........   86%         3    ####...
 Blade Hands              Tmut           #.........   100%        5    ######.
 Ice Form                 Ice/Tmut       #.......     99%         4    #####..
 Death Channel            Necr           #.........   100%        6    #######
 Deflect Missiles         Chrm/Air       #.........   100%        6    #######
 Confusing Touch          Hex            #.....       50%         1    ##.....
 Flame Tongue             Conj/Fire      #....        50%         1    ##.....
 Passwall                 Tmut/Erth      #.......     65%         2    ###....
 Ignite Poison            Fire/Tmut/Pois #.......     86%         3    ####...
 Sticks to Snakes         Tmut           #.......     65%         2    ###....
 Silence                  Hex/Air        #.........   100%        5    ######.
 Simulacrum               Ice/Necr       #.........   100%        6    #######
 Conjure Ball Lightning   Conj/Air       #.........   100%        6    #######
 Petrify                  Tmut/Erth      #.......     99%         4    #####..
 Tornado                  Air            #.........   100%        9    #######
 Inner Flame              Hex/Fire       #.......     86%         3    ####...
 Beastly Appendage        Tmut           #.....       50%         1    ##.....
 Summon Lightning Spire   Summ/Air       #.......     99%         4    #####..
 Poisonous Vapours        Pois/Air       #.....       65%         2    ###....
 Borgnjor's Vile Clutch   Necr/Erth      #.........   100%        5    ######.


Dungeon Overview and Level Annotations

Branches:
Dungeon (15/15)            Temple (1/1) D:5            Lair (4/6) D:11
  Swamp (4/4) Lair:2        Snake (4/4) Lair:3          Orc (2/2) D:12
    Elf (3/3) Orc:2        Vaults (0/5) D:13         Depths (1/5) D:15

Altars:
Ashenzari
Cheibriados
Dithmenos
Elyvilon
Fedhas
Gozag
Hepliaklqana
Kikubaaqudgha
Makhleb
Nemelex Xobeh
Okawaru
Qazlal
Ru
Sif Muna
Trog
Uskayaw
Vehumet
Wu Jian
Xom
Yredelemnul
Zin
The Shining One

Shops:
D:4 !   D:6 [[=[[   D:10 [*   D:12 (   D:13 *   D:15 ?   Orc:1 *   Orc:2 (?[[
Elf:2 [   Elf:3 !   Swamp:3 *   Swamp:4 =   Snake:1 [

Annotations:
D:3 Zaque's ghost, novice NaIE
D:8 2 transporters
D:10 1 transporter
D:14 3 runed doors, Umayhofiopn's ghost, journeyman MiFi
Lair:3 3 runed doors, Ahahiosy's ghost, journeyman DrCj
Lair:4 Nessos
Snake:3 3 runed doors, Sobbek's ghost, adept TrMo
Snake:4 1 runed door, Foic's ghost, journeyman MiFi
Elf:1 3 runed doors, Duruitt's ghost, adept DDBe
Elf:2 5 runed doors


Innate Abilities, Weirdness & Mutations

You are very small and have problems with some larger weapons.
You are too small for most types of armour.
You have supernaturally acute eyesight. (SInv)
You are a herbivore.
You cover ground extremely quickly.
You need to consume almost no food.
You have sharp toenails.
You are dopey. (Int -2)
Your system is resistant to poisons. (rPois)
Potions are less effective at restoring your health.


Message History

The deep elf annihilator is heavily wounded.
The deep elf high priest utters a dark prayer and points at you.
Your life force is offered up.
The deep elf annihilator is healed.
The deep elf high priest is healed.
The deep elf annihilator completely misses you.
You puncture the deep elf annihilator! You drain the deep elf annihilator!
You claw the deep elf annihilator, but do no damage.
The deep elf annihilator is severely wounded.
Unknown command.
You hit the deep elf annihilator but do no damage.
Your kick misses the deep elf annihilator.
The deep elf annihilator is severely wounded.
The deep elf high priest utters an invocation to its god.
The deep elf high priest begins emitting a brilliant aura!
The deep elf annihilator is empowered by the deep elf high priest's aura!
The deep elf annihilator casts a spell at you.
The crystal spear hits you!
Ouch! That really hurt!
You die...
Your body crumbles into a pile of gold.

*$,,**##(....##**,,,** #. **,**
##.(.## **,** ## **** ##[## ***
..# #.[# ..# #.e# ..# ####)(##
#### ..# ##....).## ##(.## ..#
##....(...###....##
..###...)[....(#@.....## #
....'..(.[...e($e......##### ##
....'..(......(.[.)....+...# ##.
###.#..[....[(.....(...###.####..
#.###'####'(####[#######..^.'..
#.###.# #..####)(..........'..
#.....####(.(.((..(......####..
###....)....####[<.#####.# #..
#..#####..# ##.(# #.# ###


You could see a deep elf annihilator and a deep elf high priest.

Vanquished Creatures
  Nikola (Snake:1)
  A deep elf blademaster (Elf:3)
  2 deep elf master archers (Elf:3)
  Kirke (D:14)
  2 nagarajas
  Aizul (Swamp:1)
  2 deep elf elementalists
  A very ugly thing (Swamp:4)
  4 deep elf demonologists (Elf:3)
  2 spark wasps (Depths:1)
  3 deep elf annihilators (Elf:3)
  A death ooze (Swamp:4)
  5 deep elf death magi (Elf:3)
  2 green deaths (Swamp:4)
  4 deep elf high priests
  Josephine (Swamp:1)
  11 hydras
  7 naga warriors
  A catoblepas (Lair:3)
  2 hell beasts (Swamp:4)
  A death knight (D:14)
  2 centaur warriors
  8 alligators
  3 ogre magi
  7 anacondas
  18 two-headed ogres
  A thrashing horror (Swamp:4)
  6 shock serpents
  A naga sharpshooter (Snake:3)
  5 orc high priests (Orc:2)
  11 deep elf knights
  2 salamander mystics
  An unseen horror (D:12)
  4 skeletal warriors (D:15)
  A spriggan druid (Swamp:4)
  2 naga ritualists
  3 shambling mangroves
  2 wolf spider zombies
  6 orc knights (Orc:2)
  8 swamp dragons
  14 deep elf archers
  2 wizards
  5 mana vipers
  45 deep elf magi
  2 necromancers
  6 ugly things
  4 cyclopes
  2 manticores
  13 salamanders
  Maurice (D:8)
  3 guardian serpents (Snake:3)
  A black mamba (shapeshifter) (D:13)
  3 molten gargoyles
  A gargoyle (D:15)
  A smoke demon (Volcano)
  21 black mambas
  9 naga magi
  17 spiny frogs
  4 orange demons (Swamp:4)
  2 tengu conjurers (D:13)
  5 komodo dragons
  An efreet (D:13)
  2 kobold demonologists (D:12)
  5 red devils
  3 meliai (D:15)
  8 trolls
  4 hornets
  A queen bee (D:15)
  7 tyrant leeches
  10 blink frogs
  18 slime creatures
  9 bog bodies
  10 hippogriffs
  4 air elementals
  3 spriggans
  A centaur simulacrum (D:15)
  2 water elementals
  3 shadows
  4 wraiths
  2 vampires
  2 fire elementals
  2 basilisks (D:15)
  27 yaks
  2 fire bats (Volcano)
  37 vampire mosquitoes
  4 hungry ghosts
  A steam dragon (D:9)
  9 swamp worms
  22 insubstantial wisps
  2 wargs
  20 nagas
  2 large abominations (Swamp:4)
  12 water moccasins
  8 swamp drakes
  10 porcupines
  A black bear (D:7)
  3 ice beasts
  30 orc warriors
  4 sky beasts
  A necrophage (D:9)
  20 ogres
  4 phantoms
  2 eyes of draining
  11 centaurs
  9 crocodiles
  2 big kobolds
  15 bullfrogs
  An earth elemental (Elf:3)
  A small abomination (Swamp:4)
  A gnoll sergeant (D:10)
  3 scorpions
  2 troll zombies (D:12)
  28 killer bees
  4 wights
  3 howler monkeys
  2 bullfrog zombies
  6 centaur zombies
  4 lava snakes (Volcano)
  4 bullfrog skeletons
  4 crimson imps
  2 jellies
  2 quasits
  32 orc priests
  6 hounds
  6 centaur skeletons
  7 iguanas
  Jessica (D:2)
  Terence (D:3)
  10 hell rats (Lair:1)
  25 orc wizards
  7 worker ants
  6 ogre zombies (D:12)
  2 hound skeletons
  A hound zombie (D:5)
  A worker ant zombie (D:10)
  A howler monkey zombie (D:9)
  19 gnolls
  14 river rats (Lair:1)
  15 adders
  4 shadow imps
  An adder skeleton (D:8)
  3 worms
  2 dart slugs
  3 leopard geckos
  93 orcs
  5 bats
  2 giant cockroaches (D:2)
  5 goblins
  14 hobgoblins
  18 jackals
  6 quokkas
  5 ball pythons
  4 frilled lizards
  A goblin skeleton (D:12)
  2 goblin zombies (D:12)
  A hobgoblin skeleton (D:12)
  3 hobgoblin zombies (D:12)
  2 jackal zombies
  26 kobolds
  A leopard gecko skeleton (D:4)
  A leopard gecko zombie (D:8)
  4 orc skeletons (D:12)
  14 orc zombies (D:12)
  13 rats
  A fungus (Lair:3)
1121 creatures vanquished.

Vanquished Creatures (collateral kills)
  A deep elf archer (Elf:3)
  An orc knight (Orc:2)
  A deep elf mage (Elf:3)
  A centaur zombie (D:11)
  A hog (D:14)
  A hell hound (Volcano)
  3 orc warriors
  2 orc wizards (D:11)
  An orc (D:11)
12 creatures vanquished.

Vanquished Creatures (others)
  17 dancing weapons
  2 deep elf archers
  A swamp dragon (Swamp:4)
  3 deep elf magi
  A salamander (Snake:3)
  An ugly thing (Volcano)
  An orc sorcerer (Volcano)
  A human (D:14)
  A vampire mosquito (Swamp:1)
  A swamp worm (Swamp:1)
  A sky beast (D:11)
  4 centaurs
  3 fungi (Lair:3)
  6 plants
43 creatures vanquished.

Grand Total: 1176 creatures vanquished

Notes
Turn   | Place    | Note
-------+----------+-------------------------------------------
     0 | D:1      | Deemzul the Spriggan Fighter began the quest for the Orb.
     0 | D:1      | Reached XP level 1. HP: 11/11 MP: 2/2
   370 | D:2      | Reached XP level 2. HP: 14/16 MP: 3/3
   456 | D:2      | Reached skill level 1 in Stealth
   758 | D:2      | Found a shadowy altar of Dithmenos.
   775 | D:2      | Reached XP level 3. HP: 19/19 MP: 4/4
  1117 | D:2      | Found a hazy altar of Hepliaklqana.
  1199 | D:2      | Reached XP level 4. HP: 23/23 MP: 5/5
  1217 | D:2      | Noticed Jessica
  1228 | D:2      | Killed Jessica
  1228 | D:2      | Reached skill level 5 in Dodging
  1354 | D:3      | Found a shattered altar of Ashenzari.
  1410 | D:3      | Found a runed door.
  1410 | D:3      | Noticed Zaque's ghost (novice NaIE)
  1815 | D:3      | Noticed Terence
  1866 | D:3      | Killed Terence
  1866 | D:3      | Reached XP level 5. HP: 16/28 MP: 6/6
  2686 | D:4      | Found a burning altar of Makhleb.
  2690 | D:4      | Reached XP level 6. HP: 32/32 MP: 7/7
  2766 | D:4      | Found a stormy altar of Qazlal.
  3160 | D:4      | Found Tomadyr's Distillery.
  3163 | D:4      | Bought a potion of degeneration for 10 gold pieces
  3163 | D:4      | Bought a potion of curing for 30 gold pieces
  3230 | D:4      | Reached skill level 5 in Short Blades
  3595 | D:4      | Found a white marble altar of Elyvilon.
  3697 | D:4      | Reached XP level 7. HP: 36/36 MP: 8/8
  3737 | D:5      | Entered Level 5 of the Dungeon
  3986 | D:5      | Found a radiant altar of Vehumet.
  4021 | D:5      | Found a staircase to the Ecumenical Temple.
  4207 | D:4      | HP: 1/36 [poisoned by a water moccasin]
  4585 | Temple   | Entered the Ecumenical Temple
  4709 | Temple   | Became a worshipper of Gozag Ym Sagoz the Greedy
  4769 | D:5      | Found a deep blue altar of Sif Muna.
  5003 | D:4      | Reached skill level 5 in Stealth
  5138 | D:6      | Found Kapruwug's Armour Shop.
  5152 | D:6      | Found Gan Geso's Jewellery Shop.
  5235 | D:6      | Found Minteor's Antique Armour Boutique.
  5420 | D:6      | Found Viteil's Antique Armour Boutique.
  5432 | D:6      | Bought a steaming robe for 153 gold pieces
  5442 | D:6      | Identified the cursed +0 robe of Ulefuami {MR+++ Int-5 Dex+5} (You bought it in a shop on level 6 of the Dungeon)
  5560 | D:6      | Reached XP level 8. HP: 42/42 MP: 9/9
  5716 | D:6      | Found Dawyady's Armour Shoppe.
  6368 | D:7      | Noticed a hippogriff
  7273 | D:7      | Killed a hippogriff
  7273 | D:7      | Reached XP level 9. HP: 46/46 MP: 10/10
  7774 | D:5      | Found a glowing silver altar of Zin.
  8267 | D:6      | Bought a glowing scarf for 248 gold pieces
  8504 | D:8      | Found an ornate altar of the Wu Jian Council.
  8577 | D:8      | Noticed Maurice
  8586 | D:8      | Noticed a two-headed ogre
  8879 | D:7      | Killed a two-headed ogre
  8879 | D:7      | Reached skill level 5 in Fighting
  8879 | D:7      | Reached skill level 10 in Dodging
  9259 | D:8      | Found a transporter.
  9263 | D:8      | Found a transporter.
  9271 | D:8      | Noticed a frost giant
  9276 | D:8      | Found a shimmering altar of Xom.
  9609 | D:9      | Reached XP level 10. HP: 51/51 MP: 11/11
  9853 | D:9      | Found a flagged portal.
  9993 | Bailey   | Entered a bailey
 10975 | D:9      | Got a fine halberd
 11424 | D:9      | Reached skill level 1 in Throwing
 11590 | D:9      | Reached skill level 5 in Shields
 12119 | D:10     | Entered Level 10 of the Dungeon
 12119 | D:10     | Found a transporter.
 12468 | D:11     | Noticed a white ugly thing
 12816 | D:10     | Identified the Reference Book on Transmigration
 12925 | D:10     | Reached skill level 1 in Evocations
 13011 | D:10     | Reached skill level 10 in Short Blades
 13066 | D:10     | Reached skill level 10 in Stealth
 13205 | D:10     | Found Wuwic's General Store.
 13213 | D:10     | Bought a ration for 85 gold pieces
 13557 | D:11     | Noticed a two-headed ogre
 13559 | D:11     | Noticed a two-headed ogre
 13560 | D:11     | Noticed a two-headed ogre
 13743 | D:11     | Found a staircase to the Lair.
 13967 | D:10     | Killed a two-headed ogre
 13967 | D:10     | Reached XP level 11. HP: 56/56 MP: 13/13
 14208 | D:11     | Noticed an ogre mage
 14208 | D:11     | Noticed a two-headed ogre
 14755 | D:8      | Found a snail-covered altar of Cheibriados.
 14981 | D:8      | Reached skill level 1 in Armour
 15134 | D:8      | Killed Maurice
 15503 | D:10     | Gained mutation: Potions are less effective at restoring your health. [potion of mutation]
 15503 | D:10     | Gained mutation: You have sharp toenails. [potion of mutation]
 15503 | D:10     | Gained mutation: Your system is resistant to poisons. (rPois) [potion of mutation]
 15952 | D:11     | Killed a white ugly thing
 16342 | D:11     | Killed a two-headed ogre
 16504 | D:11     | Killed a two-headed ogre
 17068 | D:12     | Noticed an unseen horror
 17786 | D:12     | Reached XP level 12. HP: 58/62 MP: 16/16
 18441 | D:12     | Found a staircase to the Orcish Mines.
 18868 | Lair:1   | Entered Level 1 of the Lair of Beasts
 19006 | Lair:1   | Found a dark tunnel.
 19007 | Lair:1   | Reached skill level 5 in Evocations
 19108 | Volcano  | Entered a volcano
 19475 | Volcano  | Found a bloodstained altar of Trog.
 19880 | Lair:1   | Found a glowing golden altar of the Shining One.
 22087 | Lair:2   | Found a staircase to the Swamp.
 22368 | Lair:3   | Found a runed gate.
 22368 | Lair:3   | Found a runed gate.
 22368 | Lair:3   | Found a runed gate.
 22368 | Lair:3   | Noticed a four-headed hydra
 22370 | Lair:3   | Noticed Ahahiosy's ghost (journeyman DrCj)
 22809 | Lair:3   | Found a staircase to the Snake Pit.
 22977 | Lair:3   | Reached XP level 13. HP: 67/67 MP: 18/18
 23353 | Lair:3   | Reached skill level 15 in Dodging
 23482 | Lair:3   | Identified a scroll of acquirement
 23682 | Lair:3   | Got a steaming bronze amulet
 23683 | Lair:3   | Identified the amulet "Zoros" {Reflect +Inv MR+ Int-2 SH+4} (You acquired it on level 3 of the Lair of Beasts)
 24717 | Lair:4   | Noticed Nessos
 25822 | Orc:1    | Entered Level 1 of the Orcish Mines
 26088 | Orc:1    | Found Doorymn's General Store.
 26251 | Orc:2    | Entered Level 2 of the Orcish Mines
 26251 | Orc:2    | Found a staircase to the Elven Halls.
 28341 | Orc:2    | Reached skill level 15 in Stealth
 28689 | Orc:2    | Found Butret's Armour Boutique.
 28689 | Orc:2    | Found Xeam's Weapon Boutique.
 28690 | Orc:2    | Found Meteor Gilu's Antique Armour Shop.
 28690 | Orc:2    | Found Qaci's Magic Scroll Boutique.
 28704 | Orc:2    | Bought a scroll of noise for 15 gold pieces
 28704 | Orc:2    | Bought a scroll of immolation for 52 gold pieces
 29000 | D:12     | Bought a +3 rapier of draining for 266 gold pieces
 29538 | D:13     | Found a gate to the Vaults.
 29548 | D:13     | Reached XP level 14. HP: 72/72 MP: 20/20
 29885 | D:13     | Found Hemurasho's General Store.
 29893 | D:13     | Bought a scroll of enchant weapon for 82 gold pieces
 29893 | D:13     | Bought the ring of the Seven Lies {*Corrode EV+6 Str+2 Int+2} for 965 gold pieces
 29893 | D:13     | Bought 2 potions of lignification for 66 gold pieces
 30239 | D:14     | Found a runed gate.
 30241 | D:14     | Found a runed gate.
 30242 | D:14     | Found a runed gate.
 30245 | D:14     | Noticed Umayhofiopn's ghost (journeyman MiFi)
 30442 | D:14     | Noticed Kirke
 30465 | D:14     | Killed Kirke
 30591 | D:14     | Reached XP level 15. HP: 77/77 MP: 22/22
 31053 | D:15     | Entered Level 15 of the Dungeon
 31449 | D:15     | Reached skill level 5 in Armour
 32095 | D:15     | Found a staircase to the Depths.
 32332 | Depths:1 | Entered Level 1 of the Depths
 32405 | Depths:1 | Reached XP level 16. HP: 81/82 MP: 22/24
 32488 | D:15     | Bought a scroll of blinking for 135 gold pieces
 32670 | Swamp:1  | Entered Level 1 of the Swamp
 32748 | Swamp:1  | Noticed Aizul
 32760 | Swamp:1  | Killed Aizul
 33132 | Swamp:1  | Noticed Josephine
 33197 | Swamp:1  | Killed Josephine
 34603 | Swamp:2  | Reached skill level 15 in Short Blades
 34763 | Swamp:2  | Reached skill level 10 in Evocations
 36674 | Swamp:4  | Entered Level 4 of the Swamp
 37078 | Swamp:4  | Paralysed by a hornet for 3 turns
 38298 | Swamp:4  | Bought the ring of Shadows {Umbra +Inv Stlth+} for 800 gold pieces
 38298 | Swamp:4  | Found the ring of Shadows {Umbra +Inv Stlth+}
 38301 | Swamp:4  | Bought a cursed amulet of inaccuracy for 40 gold pieces
 38301 | Swamp:4  | Bought a cursed ring of teleportation for 90 gold pieces
 39204 | Swamp:4  | Reached XP level 17. HP: 70/88 MP: 20/26
 39566 | Swamp:4  | Got a decaying rune of Zot
 40149 | Snake:1  | Entered Level 1 of the Snake Pit
 40365 | Snake:1  | Noticed Nikola
 40372 | Snake:1  | Killed Nikola
 42325 | Snake:3  | Found a runed gate.
 42326 | Snake:3  | Found a runed gate.
 42327 | Snake:3  | Found a runed gate.
 42335 | Snake:3  | Noticed Sobbek's ghost (adept TrMo)
 43906 | Snake:4  | Entered Level 4 of the Snake Pit
 43991 | Snake:4  | Noticed Foic's ghost (journeyman MiFi)
 43992 | Snake:4  | Found a runed door.
 44040 | Snake:4  | Reached skill level 10 in Fighting
 44493 | Elf:1    | Entered Level 1 of the Elven Halls
 44940 | Elf:1    | Noticed Duruitt's ghost (adept DDBe)
 44944 | Elf:1    | Found a runed gate.
 44944 | Elf:1    | Found a runed gate.
 44946 | Elf:1    | Found a runed gate.
 44959 | Elf:1    | Reached XP level 18. HP: 77/93 MP: 27/27
 46075 | Elf:2    | Got a steaming cloak
 46081 | Elf:2    | Identified the cursed -5 cloak of Pathos {rF+ rN+} (You found it on level 2 of the Elven Halls)
 46111 | Elf:3    | Entered Level 3 of the Elven Halls
 46525 | Elf:3    | Found Bamakhlek's Distillery.
 46572 | Elf:3    | Bought a potion of agility for 76 gold pieces
 46572 | Elf:3    | Bought a potion of might for 76 gold pieces
 46572 | Elf:3    | Bought a potion of might for 76 gold pieces
 47312 | Elf:2    | Found a huge runed gate.
 47312 | Elf:2    | Found a huge runed gate.
 47313 | Elf:2    | Found a huge runed gate.
 47314 | Elf:2    | Found a huge runed gate.
 47322 | Elf:2    | Found a huge runed gate.
 47410 | Elf:2    | Found Vepidil's Armour Boutique.
 47566 | Elf:2    | Found an ancient bone altar of Kikubaaqudgha.
 48322 | Elf:3    | Noticed a Hell Sentinel
 48972 | Elf:3    | Noticed a Hell Sentinel
 48981 | Elf:3    | Gained mutation: You are dopey. (Int -2) [a neqoxec]
 49772 | Elf:3    | Killed from afar by a deep elf annihilator

Vault maps used:
D:1:      sevenhm_arrival_forest_fort_large_4, minmay_pentomino_t2
D:2:      nicolae_dithmenos_shadow_blocks, nicolae_overflow_crystal_walls,
          first_ration, dk_vineyard_3, uniq_jessica
D:3:      cheibrodos_ashenzari_chains, gammafunk_ghost_grave, uniq_terence
D:4:      bloody_makhleb, lemuel_doored_altar, grunt_qazlal_sundering,
          serial_shops, nicolae_shop_behind_doors
D:5:      lemuel_coloured_pillars_altar, overflow_temple_1_default,
          zin_treasury, minmay_temple_entry_purple_smoke
D:6:      serial_shops, shop, shop_statue, nicolae_shop_trees,
          kennysheep_little_box, nicolae_shop_temple_entry_statues_fountains
D:8:      slow_altar_2, overflow_temple_1_default,
          gammafunk_temple_overflow_arena, uniq_maurice
D:9:      enter_bailey_7, the_bakery
D:10:     gammafunk_beogh_shrine, serial_shops, nicolae_shop_trees
D:11:     david_lair_shrubbed
D:12:     zombieorc2_lemuel, minmay_liquid_box,
          einodemon_armed_red_devil_minivault
D:13:     david_vaults_1, serial_shops, shop, nrook_uturn
D:14:     minivault_24, gammafunk_ghost_hydra_chop, uniq_kirke
D:15:     grunt_enter_depths_magical_seal, special_room, serial_glass,
          glass_columns_b, glass_columns_c, minmay_strange_pillars,
          kennysheep_pointless_box
Temple:   chequers_temple_sunken
Lair:1:   lemuel_ratsnest, nicolae_volcano_entry_two_sided, basic_altar,
          ldierk_geyser
Lair:2:   swamp_mist, serial_bayou_shore_a
Lair:3:   minmay_snake_entry_six_corridors, gammafunk_ghost_split
Lair:4:   uniq_nessos
Swamp:1:  wheals_swamp_sinkhole, uniq_aizul, uniq_josephine
Swamp:2:  evilmike_swamp_ruin_house_2, infiniplex_staircase_pool
Swamp:3:  hangedman_swamp_ruin_wall
Swamp:4:  swamp_vile, swamp_pool4
Snake:1:  uniq_nikola
Snake:2:  library_closet
Snake:3:  gammafunk_ghost_split, lemuel_fruit_tree
Snake:4:  minmay_snake_end_coiled, gammafunk_ghost_grave
Orc:1:    serial_shops, nicolae_shop_temple_entry_statues_fountains
Orc:2:    st_orc_pillars, nicolae_orc_crystal_geode
Elf:1:    elf_arrival_001, gammafunk_ghost_split, kennysheep_underground_church,
          nicolae_elf_w_pinch, grunt_ministairs_6
Elf:2:    serial_shops, shop, basic_altar
Elf:3:    grunt_elf_hall_diamonds, serial_shops, nicolae_shop_trees,
          guppyfry_elf_altar
Depths:1: enter_ziggurat_b, hell_entry, roderic_lattice_a,
          minmay_misc_feat_plants
Bailey:   bailey_axe_2, bailey
Volcano:  volcano_lake

Skill      XL: |  1  2  3  4  5  6  7  8  9 10 11 12 13 14 15 16 17 18 |
---------------+-------------------------------------------------------+-----
Stealth        | 1 2 3 4 5 7 8 10 12 13 15 16 17 19 20 21 | 21.7
Short Blades   | 3 4 5 6 7 9 10 11 12 13 14 15 16 17 | 17.4
Dodging        | 5 6 7 9 10 12 13 14 16 17 19 20 21 | 21.4
Fighting       | 3 4 5 6 7 8 9 10 | 10.6
Shields        | 3 4 5 6 7 |  7.2
Throwing       | 1 |  1.8
Evocations     | 2 4 6 7 8 9 10 11 12 | 12.8
Armour         | 2 3 4 5 6 7 |  7.7

Action                   |  1- 3 |  4- 6 |  7- 9 | 10-12 | 13-15 | 16-18 || total
-------------------------+-------+-------+-------+-------+-------+-------++-------
Melee: Rapier            |    56 |    46 |   116 |   467 |  1321 |  2332 ||  4338
       Spear             |    21 |     6 |    16 |    40 |       |       ||    83
       Dagger            |       |   104 |   375 |  1382 |   296 |       ||  2157
       Kick              |       |       |       |   577 |   730 |  1067 ||  2374
 Fire: Blowgun           |       |    16 |    30 |    61 |    10 |     9 ||   126
Throw: Tomahawk          |       |       |       |    73 |     1 |    10 ||    84
Invok: Call Merchant     |       |       |       |     1 |     1 |     4 ||     6
Evoke: Wand              |       |       |     2 |    14 |     8 |    33 ||    57
  Use: Scroll            |       |       |     3 |    10 |    11 |    12 ||    36
       Potion            |       |       |       |     3 |     1 |       ||     4
 Stab: Sleeping          |     2 |     7 |     8 |    27 |    50 |    89 ||   183
       Distracted        |       |       |     5 |    22 |    24 |    34 ||    85
       Betrayed ally     |       |       |       |       |     1 |     1 ||     2
       Paralysed         |       |       |       |       |       |     4 ||     4
  Eat: Ration            |       |       |     5 |     8 |     6 |    11 ||    30
Armor: Robe              |     7 |     2 |     8 |    19 |    12 |    12 ||    60
Dodge: Dodged            |    43 |    86 |   273 |   822 |   523 |  1108 ||  2855
Block: Buckler           |    25 |    40 |   139 |   445 |   459 |   810 ||  1918
       Reflection        |       |       |       |       |    24 |    63 ||    87

Table legend:
 A = Spawn XP
 B = Non-spawn XP
 C = Spawn XP percentage of total XP
 D = Spawn monster count
 E = Non-spawn monster count
 F = Spawn count percentage of total count
 G = Total turns spent on level
                    A         B        C        D         E        F      G
               +---------+---------+-------+---------+---------+-------+---------
         Total |       0 |  324505 |   0.0 |       0 |    1164 |   0.0 | 49772
               +---------+---------+-------+---------+---------+-------+---------
           D:1 |       0 |       3 |   0.0 |       0 |       2 |   0.0 |   115
           D:2 |       0 |     142 |   0.0 |       0 |      26 |   0.0 |  1468
           D:3 |       0 |     129 |   0.0 |       0 |      19 |   0.0 |  1048
           D:4 |       0 |     797 |   0.0 |       0 |      26 |   0.0 |  1649
           D:5 |       0 |     283 |   0.0 |       0 |      11 |   0.0 |  1294
           D:6 |       0 |     553 |   0.0 |       0 |      15 |   0.0 |  1601
           D:7 |       0 |    2436 |   0.0 |       0 |      33 |   0.0 |  1718
           D:8 |       0 |    2224 |   0.0 |       0 |      40 |   0.0 |  1151
           D:9 |       0 |    2083 |   0.0 |       0 |      43 |   0.0 |  2066
          D:10 |       0 |    4250 |   0.0 |       0 |      36 |   0.0 |  1986
          D:11 |       0 |    8471 |   0.0 |       0 |      43 |   0.0 |  3047
          D:12 |       0 |    7201 |   0.0 |       0 |      77 |   0.0 |  1953
          D:13 |       0 |    6592 |   0.0 |       0 |      37 |   0.0 |  1102
          D:14 |       0 |   11508 |   0.0 |       0 |      47 |   0.0 |  1091
          D:15 |       0 |   27274 |   0.0 |       0 |      63 |   0.0 |  1197
        Lair:1 |       0 |    3858 |   0.0 |       0 |      53 |   0.0 |  1464
        Lair:2 |       0 |    3346 |   0.0 |       0 |      13 |   0.0 |  1716
        Lair:3 |       0 |    6983 |   0.0 |       0 |      33 |   0.0 |  1749
        Lair:4 |       0 |    2030 |   0.0 |       0 |       9 |   0.0 |   633
       Swamp:1 |       0 |   17843 |   0.0 |       0 |      48 |   0.0 |  1788
       Swamp:2 |       0 |    8819 |   0.0 |       0 |      30 |   0.0 |  1369
       Swamp:3 |       0 |   11547 |   0.0 |       0 |      40 |   0.0 |  1933
       Swamp:4 |       0 |   28991 |   0.0 |       0 |      53 |   0.0 |  2162
       Snake:1 |       0 |   15410 |   0.0 |       0 |      21 |   0.0 |  1136
       Snake:2 |       0 |    8151 |   0.0 |       0 |      13 |   0.0 |   883
       Snake:3 |       0 |   26645 |   0.0 |       0 |      49 |   0.0 |  1839
       Snake:4 |       0 |    3699 |   0.0 |       0 |       9 |   0.0 |   312
         Orc:1 |       0 |    2568 |   0.0 |       0 |      21 |   0.0 |   565
         Orc:2 |       0 |   11918 |   0.0 |       0 |      76 |   0.0 |  2625
         Elf:1 |       0 |   26978 |   0.0 |       0 |      46 |   0.0 |  1316
         Elf:2 |       0 |   22105 |   0.0 |       0 |      30 |   0.0 |  1943
         Elf:3 |       0 |   40735 |   0.0 |       0 |      44 |   0.0 |  2020
      Depths:1 |       0 |    5434 |   0.0 |       0 |      10 |   0.0 |   126
        Bailey |       0 |     359 |   0.0 |       0 |      34 |   0.0 |   818
       Volcano |       0 |    3140 |   0.0 |       0 |      14 |   0.0 |   746
               +---------+---------+-------+---------+---------+-------+---------
